 Dungeon Crawl Stone Soup version 0.31.0-11-ge490571c62 (webtiles) character file.

Game seed: 5919805875678588433

182 qw the Skirmisher (level 5, -6/29 HPs)
             Began as a Deep Elf Hunter on Feb 3, 2024.
             Mangled by an ogre
             ... wielding a +0 giant club
              (15 damage)
             ... on level 4 of the Dungeon.
             The game lasted 00:00:20 (2240 turns).

qw the Skirmisher (Deep Elf Hunter)                 Turns: 2240, Time: 00:00:21

Health: -6/29      AC:  6    Str: 10    XL:     5   Next: 35%
Magic:  7/7        EV: 12    Int:  9    God:
Gold:   245        SH:  0    Dex: 18    Spells: 4/4 levels left

rFire   . . .        a - +1 shortbow
rCold   . . .        (shield currently unavailable)
rNeg    + . .        c - +0 leather armour
rPois   +            (no helmet)
rElec   .            (no cloak)
rCorr   .            f - +2 pair of gloves "Uzebadwung" {^Contam rPois Will+++ Int-5}
SInv    .            (no boots)
Will    +++..        (no amulet)
Stlth   ++           d - ring of positive energy
HPRegen 0.24/turn    (no ring)
MPRegen 0.10/turn

%: no passive effects
@: no status effects
A: no striking features
a: no special abilities


You were on level 4 of the Dungeon.
You visited 1 branch of the dungeon, and saw 4 of its levels.

You collected 245 gold pieces.


   Skills:
 - Level 1.5 Fighting
 + Level 8.8 Ranged Weapons
 - Level 2.4 Dodging
 - Level 1.2 Stealth


You had 4 spell levels left.
You didn't know any spells.
Your spell library was empty.

Inventory:

Hand Weapons
 a - a +1 shortbow (weapon)
Armour
 c - a +0 leather armour (worn)
 f - the +2 pair of gloves "Uzebadwung" (worn) {^Contam rPois Will+++ Int-5}
   (You acquired it on level 2 of the Dungeon)

   Int-5:     It affects your intelligence (-5).
   rPois:     It protects you from poison Will+++: It greatly increases your
   willpower.
   ^Contam:   It causes magical contamination when unequipped.
Jewellery
 d - a ring of positive energy (left hand)
Potions
 b - 3 potions of curing
 j - a potion of mutation {unknown}

Dungeon Overview and Level Annotations

Branches:
Dungeon (4/15)
 Temple: D:4-7

Altars:

Annotations:
D:3 1 runed translucent door, qw's ghost, weakling SpHu


Message History

Found a club.
An ogre comes into view. It is wielding a +0 giant club.
Found a murky purple potion.
Found a stone staircase leading up.
Enter note:
Enter note:
Enter note:
Enter note: You shoot an arrow.
The arrow hits the ogre but does no damage.
The ogre shouts!
You hear an angry hiss.
You shoot an arrow. The arrow hits the ogre.
The ogre is lightly wounded.
An adder comes into view.
You shoot an arrow. The adder hisses angrily.
The arrow hits the ogre!
The ogre is heavily wounded.
You shoot an arrow. The arrow hits the ogre.
The ogre is heavily wounded.
You shoot an arrow. The arrow hits the ogre.
The ogre is severely wounded.
You shoot an arrow. The arrow hits the ogre.
The ogre is almost dead.
You shoot an arrow. The arrow barely misses the ogre.
The ogre hits you with a +0 giant club!
You shoot an arrow. The arrow hits the ogre.
The ogre is almost dead.
The adder misses you. The adder bites you. The ogre closely misses you.
You shoot an arrow. The arrow completely misses the ogre.
The adder bites you but does no damage.
You shoot an arrow.
The arrow hits the ogre but does no damage.
The ogre is almost dead.
The adder bites you. The ogre hits you with a +0 giant club!
You shoot an arrow. The arrow hits the ogre.
The ogre is almost dead.
The adder barely misses you. x2; The ogre hits you with a +0 giant club!
Ouch! That really hurt!
You die...

..#...#...... .......
............
.......####.............
........#.#.......#.....
<.................##....
...........)##..........
#............#........
!.#...S.###...# #......#
......O@.##...####......
................##......
.....................##.
.....#..##......#...###.
#......###......##.#####
##.#....##.....##### #..
####.......#### ##.
##......# ## #####..# #


You could see an ogre and an adder.

Vanquished Creatures
  A jelly (D:4)
  4 gnolls (D:4)
  5 adders
  5 ribbon worms
  3 orcs
  2 bats
  7 endoplasms
  2 giant cockroaches
  6 goblins
  2 hobgoblins
  3 jackals (D:1)
  4 kobolds
  2 quokkas (D:2)
  3 ball pythons
  2 frilled lizards
  8 rats
59 creatures vanquished.

Notes
Turn   | Place    | Note
-------+----------+-------------------------------------------
     0 | D:1      | qw the Deep Elf Hunter began the quest for the Orb.
     0 | D:1      | Reached XP level 1. HP: 12/12 MP: 3/3
     0 | D:1      | 0 ||| qw: Version: 0.3-a-155-g5e7d8dd
     0 | D:1      | 0 ||| qw: Game counter: 3133
     0 | D:1      | 0 ||| qw: Melee chars always use a shield: true
     0 | D:1      | 0 ||| qw: God list: Okawaru
     0 | D:1      | 0 ||| qw: Allow faded altars: false
     0 | D:1      | 0 ||| qw: Do Orc after clearing Dungeon:15 true
     0 | D:1      | 0 ||| qw: Do second Lair branch before Depths: true
     0 | D:1      | 0 ||| qw: Lair rune preference: random
     0 | D:1      | 0 ||| qw: Goals: Normal
     0 | D:1      | 0 ||| PLANNING D:1-11
     9 | D:1      | Noticed an ogre
    88 | D:1      | Reached XP level 2. HP: 16/16 MP: 4/4
    92 | D:1      | Reached skill level 6 in Ranged Weapons
   451 | D:1      | 451 ||| UPGRADING to ring of positive energy.
   452 | D:1      | 452 ||| READING scroll labelled XUZOGIOSTI.
   452 | D:1      | 452 ||| IDENTIFYING scroll labelled SIEMIL NUAMYSK
   453 | D:1      | 453 ||| READING scroll labelled UMADEO ICLIUM.
   454 | D:1      | 454 ||| DROPPING scroll of butterflies.
   455 | D:1      | 455 ||| DROPPING scroll of summoning.
   509 | D:2      | Reached XP level 3. HP: 20/20 MP: 5/5
   563 | D:2      | Reached skill level 7 in Ranged Weapons
   563 | D:2      | HP: 5/20 [poisoned by an adder]
   567 | D:2      | HP: 2/20 [poisoned by an adder]
   800 | D:2      | 800 ||| READING 3 scrolls of identify.
   800 | D:2      | 800 ||| IDENTIFYING scroll labelled TANLEANUNI
   801 | D:2      | 801 ||| READING 2 scrolls of identify.
   801 | D:2      | 801 ||| IDENTIFYING scroll labelled GUNNE ZAUFEULAETU
   801 | D:2      | Identified a scroll of acquirement
   802 | D:2      | 802 ||| READING scroll of acquirement.
   802 | D:2      | 802 ||| ACQUIRING +2 pair of gloves "Uzebadwung" {^Contam
                  | rPois Will+++ Int-5}
   802 | D:2      | Acquired the +2 pair of gloves "Uzebadwung" {^Contam rPois
                  | Will+++ Int-5}
   804 | D:2      | 804 ||| UPGRADING to +2 pair of gloves "Uzebadwung"
                  | {^Contam rPois Will+++ Int-5}.
   809 | D:2      | 809 ||| READING scroll of identify.
   809 | D:2      | 809 ||| IDENTIFYING scroll labelled OVEEMUALYBB
   810 | D:2      | 810 ||| DROPPING scroll of fog.
   811 | D:2      | 811 ||| DROPPING scroll of immolation.
   842 | D:3      | Noticed qw's ghost (weakling SpHu)
  1061 | D:3      | 1061 ||| READING 2 scrolls of identify.
  1061 | D:3      | 1061 ||| IDENTIFYING fizzy dark potion
  1062 | D:3      | 1062 ||| READING scroll of identify.
  1062 | D:3      | 1062 ||| IDENTIFYING 2 clear potions
  1063 | D:3      | 1063 ||| DROPPING potion of ambrosia.
  1096 | D:2      | Reached XP level 4. HP: 25/25 MP: 6/6
  1299 | D:2      | 1299 ||| READING scroll labelled HAHOPR WAROVEG.
  1299 | D:2      | 1299 ||| ENCHANTING +0 shortbow.
  1300 | D:2      | 1300 ||| READING scroll labelled GEEGHU NYNEI.
  1407 | D:3      | Found a runed translucent door.
  1741 | D:3      | 1741 ||| READING scroll of identify.
  1741 | D:3      | 1741 ||| IDENTIFYING silvery potion
  1742 | D:3      | 1742 ||| READING scroll labelled UQYMEWU GUUTZ.
  1843 | D:3      | 1843 ||| DRINKING 2 murky brown potions.
  1875 | D:3      | 1875 ||| DROPPING potion of brilliance.
  1876 | D:3      | 1876 ||| DROPPING potion of lignification.
  1975 | D:4      | Reached skill level 8 in Ranged Weapons
  1989 | D:4      | Reached XP level 5. HP: 14/29 MP: 7/7
  2031 | D:4      | 2031 ||| FLEEEEING.
  2032 | D:4      | 2032 ||| FLEEEEING.
  2229 | D:4      | Noticed an ogre
  2240 | D:4      | Mangled by an ogre

Levels and vault maps discovered:
D:1:      evilmike_arrival_come_back, layout_rooms
D:2:      wad_lake_hut, layout_rooms
D:3:      layout_basic, hellmonk_ghost_happy_afterlife
D:4:      layout_cave_pools, kennysheep_generic_room_15

Skill      XL: |  1  2  3  4 |
---------------+-------------+-----
Ranged Weapons | 6 7 8 |  8.8
Fighting       | |  1.5
Dodging        | |  2.4
Stealth        | |  1.2

Action                     |  1- 3 |  4- 6 || total
---------------------------+-------+-------++-------
   Fire: Shortbow          |    85 |    90 ||   175
    Use: Scroll            |     8 |     4 ||    12
         Potion            |       |     1 ||     1
 Armour: Leather armour    |     8 |    24 ||    32
  Dodge: Dodged            |    15 |    20 ||    35

Table legend:
 A = Non-vault XP
 B = Vault XP
 C = Vault XP percentage of total XP
 D = Non-vault monster count
 E = Vault monster count
 F = Vault count percentage of total count
                 A         B        C        D         E       F
            +---------+---------+-------+---------+---------+-------
      Total |     261 |       0 |   0.0 |      59 |       0 |   0.0
            +---------+---------+-------+---------+---------+-------
        D:1 |      35 |       0 |   0.0 |      21 |       0 |   0.0
        D:2 |      75 |       0 |   0.0 |      15 |       0 |   0.0
        D:3 |      24 |       0 |   0.0 |      11 |       0 |   0.0
        D:4 |     127 |       0 |   0.0 |      12 |       0 |   0.0
            +---------+---------+-------+---------+---------+-------
